 Dungeon Crawl Stone Soup version 0.29.1-12-g30fa7ad0bf (webtiles) character file.

Game seed: 10258463897464712632

9058 Labrat the Thaumaturge (level 11, -1/94 HPs)
             Began as a Meteoran Conjurer on Jan 18, 2023.
             Was a Believer of Vehumet.
             Slain by a komodo dragon (14 damage)
             ... on level 1 of the Lair of Beasts.
             The game lasted 00:52:26 (4174 turns).

Labrat the Thaumaturge (Meteoran Conjurer)          Turns: 4174, Time: 00:52:27

Health: -1/94      AC:  9    Str:  8    XL:     11   Next: 99%
Magic:  2/28       EV: 14    Int: 28    God:    Vehumet [**....]
Gold:   220        SH:  6    Dex: 20    Spells: 28/35 levels left

rFire   + . .      SeeInvis .   r - +7 whip of Ytuseose {vorpal, Int+4}
rCold   + + .      Faith    .   o - +0 buckler
rNeg    . . .      Spirit   .   i - +3 leather armour
rPois   .          Reflect  .   (no helmet)
rElec   .          Harm     .   f - scarf {rC+ rF+}
rCorr   .          Rampage  .   C - +2 pair of gloves
Will    +....                   (no boots)
Stlth   +.........              A - amulet of the acrobat
HPRegen 0.25/turn               n - ring of protection from cold
MPRegen 0.21/turn               D - +6 ring of dexterity

@: lethally poisoned (-1 -> -2), glowing
A: sense surroundings 2, otherworldly, glowing, explore regen
a: Renounce Religion


You were on level 1 of the Lair of Beasts.
You worshipped Vehumet.
Vehumet was pleased with you.
You visited 3 branches of the dungeon, and saw 11 of its levels.

You collected 384 gold pieces.
You spent 164 gold pieces at shops.

Inventory:

Hand Weapons
 r - the +7 whip of Ytuseose (weapon) {vorpal, Int+4}
   (You found it on level 2 of the Dungeon)

   It inflicts extra damage upon your enemies.
   Int:       It affects your intelligence (+4).
Armour
 f - a scarf of resistance (worn)
 i - a +3 leather armour (worn)
 o - a +0 buckler (worn)
 C - a +2 pair of gloves (worn)
Jewellery
 n - a ring of protection from cold (left hand)
 A - an amulet of the acrobat (around neck)
 D - a +6 ring of dexterity (right hand)
 G - a ring of ice
Wands
 b - a wand of flame (16)
 v - a wand of polymorph (11)
 z - a wand of iceblast (9)
 I - a wand of acid (5)
Scrolls
 c - 2 scrolls of identify
 d - 4 scrolls of enchant armour
 k - a scroll of magic mapping {unknown}
 m - 2 scrolls of vulnerability
 p - 2 scrolls of summoning {unknown}
 q - 4 scrolls of immolation
 t - 2 scrolls of torment {unknown}
 w - a scroll of poison {unknown}
 x - 4 scrolls of teleportation
 y - a scroll of brand weapon {unknown}
 E - a scroll of butterflies {unknown}
 F - a scroll of acquirement {unknown}
 H - a scroll of noise {unknown}
Potions
 a - 2 potions of ambrosia
 e - 7 potions of curing
 g - 2 potions of lignification {unknown}
 h - a potion of invisibility {unknown}
 j - 2 potions of attraction {unknown}
 l - 3 potions of degeneration {unknown}
 s - a potion of resistance {unknown}
 u - 2 potions of heal wounds
 B - 3 potions of brilliance {unknown}


   Skills:
 - Level 8.0 Fighting
 + Level 3.8 Armour
 - Level 5.0 Dodging
 - Level 2.3 Stealth
 + Level 3.7 Shields
 + Level 12.6 Spellcasting
 - Level 12.0 Conjurations
 - Level 3.0 Translocations
 + Level 3.7 Evocations


You had 28 spell levels left.
You knew the following spells:

 Your Spells              Type           Power      Damage    Failure   Level
a - Magic Dart            Conj           100%       1d8       1%          1
b - Searing Ray           Conj           100%       2d8       1%          2
c - Iskenderun's Mystic   Conj/Tloc      56%        2d12      2%          4

Your spell library contained the following spells:

 Spells                   Type           Power      Damage    Failure   Level
 Static Discharge         Conj/Air       50%        3-10/arc  1%          2
 Dazzling Flash           Conj/Hex       100%       N/A       1%          3
 Fulminant Prism          Conj/Hex       25%        3d14      4%          4
 Olgreb's Toxic Radiance  Pois           17%        N/A       50%         4
 Ozocubu's Refrigeration  Ice            8%         4d9       100%        7
 Ignition                 Fire           8%         3d5       100%        8


Dungeon Overview and Level Annotations

Branches:
Dungeon (9/15) Zot: 1492   Temple (1/1) D:6 Zot: 572    Lair (1/5) D:8 Zot: 353
    Orc: D:9-12

Altars:
Ashenzari
Cheibriados
Fedhas
Gozag
Hepliaklqana
Kikubaaqudgha
Okawaru
Qazlal
Ru
Sif Muna
Uskayaw
Vehumet
Wu Jian
Xom
Yredelemnul

Shops:
D:4 !   D:8 *[

Annotations:
D:3 3 runed translucent doors, lexdn's ghost, amateur MiBe
D:9 2 transporters


Innate Abilities, Weirdness & Mutations

You passively map the area around you.
You are easily found by Zot.
You glow in the dark.
You regain HP and MP as you explore.


Message History

You feel your power returning.
You feel extremely sick.
Unknown command.
You feel very sick.
Casting: Iskenderun's Mystic Blast (dangerous; 2% risk of failure)
Confirm with . or Enter, or press ? or * to list all spells.
Aiming: Searing Ray (safe; 1% risk of failure)
Press: ? - help, Shift-Dir - straight line, f - komodo dragon
Aim: a komodo dragon (lightly wounded, 87% to hit)
The searing ray hits the komodo dragon.
The komodo dragon is moderately wounded. (Press . to maintain the ray.)
You feel very sick.
The searing ray hits the komodo dragon.
The komodo dragon is moderately wounded.
You feel very sick.
Without enough magic to sustain it, your searing ray dissipates.
You feel very sick.
You feel very sick. The komodo dragon misses you.
You closely miss the komodo dragon.
The komodo dragon is moderately wounded.
You feel sick. The komodo dragon closely misses you.
You hit the komodo dragon but do no damage.
The komodo dragon is moderately wounded.
You feel sick. You block the komodo dragon's attack.
You barely miss the komodo dragon.
The komodo dragon is moderately wounded.
You feel sick. The komodo dragon bites you!!
* * * LOW HITPOINT WARNING * * *
Unknown command.
The komodo dragon attacks as you move away!
The komodo dragon closely misses you.
You feel sick.
Aiming: Iceblast
Press: ? - help, Shift-Dir - straight line, p - komodo dragon The mass of ice explodes!
The iceblast engulfs the komodo dragon!!
The komodo dragon is severely wounded.
You feel sick. The komodo dragon bites you!
You die...

#####.#####P.............#*
** #..## *#.............#*
##..# #.....[.......# #.##
#.............# #..#
#.(.......<...# * #.##
##.............# * #..#
#P.............# *, #.##
#...............# #.#
#..@..........## * #.##
#..l..........# * #..#
#.............# *
#.######.†...........#
#....................# ,
#....†.†..............*
##......†.†............**
*, #..######............(
,,, ##.# #............ ,,,


You could see a komodo dragon.

Vanquished Creatures
  A hydra (Lair:1)
  Pikel (D:4)
  A cane toad (Lair:1)
  Joseph (D:7)
  A komodo dragon (Lair:1)
  Psyche (D:9)
  A troll (D:6)
  A queen bee (D:9)
  7 yaks (D:9)
  A steam dragon (D:8)
  3 wargs (D:8)
  4 water moccasins
  4 ice beasts
  A black bear (D:4)
  4 orc warriors
  5 wolves (Lair:1)
  3 centaurs
  2 phantoms
  A kobold brigand (D:7)
  3 scorpions
  3 bullfrogs
  A gnoll sergeant (D:6)
  3 wights (D:8)
  31 killer bees
  3 howler monkeys
  2 lava snakes (D:8)
  A hound (D:5)
  A gnoll bouda (D:8)
  5 orc priests
  2 jellies
  5 iguanas
  8 orc wizards
  9 gnolls
  3 adders
  4 white imps
  An ufetubus (D:6)
  A dart slug (D:2)
  32 orcs
  7 ball pythons
  2 endoplasms
  A giant cockroach (D:4)
  4 goblins
  A hobgoblin (D:3)
  8 jackals
  10 kobolds
  A quokka (D:5)
  3 bats
  A frilled lizard (D:3)
  3 rats
202 creatures vanquished.

Vanquished Creatures (others)
  2 fungi (Lair:1)
  A plant (Lair:1)
3 creatures vanquished.

Grand Total: 205 creatures vanquished

Notes
Turn   | Place    | Note
-------+----------+-------------------------------------------
     0 | D:1      | Labrat the Meteoran Conjurer began the quest for the Orb.
     0 | D:1      | Reached XP level 1. HP: 14/14 MP: 5/5
   278 | D:2      | Reached XP level 2. HP: 19/19 MP: 3/6
   388 | D:2      | Reached skill level 5 in Conjurations
   391 | D:2      | Reached XP level 3. HP: 25/26 MP: 0/8
   394 | D:2      | Learned a level 2 spell: Searing Ray
   455 | D:3      | Reached XP level 4. HP: 29/33 MP: 4/9
   561 | D:3      | Found a runed translucent gate.
   561 | D:3      | Noticed lexdn's ghost (amateur MiBe)
   570 | D:2      | Found an ancient bone altar of Kikubaaqudgha.
   775 | D:2      | Identified the +7 whip of Ytuseose {vorpal, Int+4}
   836 | D:2      | Found a faded altar of an unknown god.
   943 | D:4      | Found Misoosio's Distillery.
   949 | D:4      | Reached XP level 5. HP: 38/38 MP: 5/11
   952 | D:4      | Bought a potion of curing for 39 gold pieces
   952 | D:4      | Bought a potion of heal wounds for 65 gold pieces
  1026 | D:3      | Learned a level 4 spell: Iskenderun's Mystic Blast
  1047 | D:3      | Found a runed translucent gate.
  1047 | D:3      | Found a runed translucent gate.
  1232 | D:4      | Noticed a black bear
  1238 | D:4      | Killed a black bear
  1239 | D:4      | Reached skill level 1 in Translocations
  1239 | D:4      | Reached XP level 6. HP: 45/45 MP: 0/13
  1248 | D:4      | Reached skill level 5 in Spellcasting
  1251 | D:5      | Entered Level 5 of the Dungeon
  1259 | D:5      | Reached XP level 7. HP: 40/50 MP: 4/15
  1276 | D:5      | Found an opulent altar of Gozag.
  1278 | D:5      | Found a hazy altar of Hepliaklqana.
  1338 | D:5      | Reached skill level 1 in Fighting
  1498 | D:4      | Noticed Pikel
  1511 | D:4      | Killed Pikel
  1512 | D:4      | Reached XP level 8. HP: 4/66 MP: 0/20
  1803 | D:6      | Found a staircase to the Ecumenical Temple.
  1813 | Temple   | Entered the Ecumenical Temple
  1860 | D:6      | Gained mutation: You passively map the area around you.
                  | [Meteoran growth]
  1860 | D:6      | Reached XP level 9. HP: 67/71 MP: 13/21
  2052 | D:5      | You fall into a shaft and drop 1 floor!
  2093 | D:6      | Noticed a troll
  2096 | D:6      | Reached skill level 5 in Fighting
  2100 | D:6      | Killed a troll
  2316 | D:7      | Found the +1 robe of Vines {NoPotionHeal Regen++++}
  2471 | D:7      | Noticed Joseph
  2481 | D:7      | Killed Joseph
  2482 | D:7      | Reached XP level 10. HP: 50/84 MP: 13/24
  2723 | D:8      | Reached skill level 10 in Spellcasting
  2723 | D:8      | Reached skill level 10 in Conjurations
  2725 | D:8      | Found a staircase to the Lair.
  2769 | D:8      | Found Elaahich's Antique Armour Boutique.
  2832 | D:8      | Found Myicer's General Store.
  2837 | D:8      | Bought a potion of flight for 36 gold pieces
  2837 | D:8      | Bought a scroll of identify for 24 gold pieces
  2855 | D:8      | Found a radiant altar of Vehumet.
  2858 | D:8      | Became a worshipper of Vehumet
  3166 | D:8      | Found a blossoming altar of Fedhas.
  3468 | D:9      | Reached XP level 11. HP: 94/94 MP: 14/27
  3469 | D:9      | Reached * piety under Vehumet
  3469 | D:9      | Offered knowledge of Foxfire by Vehumet.
  3512 | D:9      | Found a transporter.
  3518 | D:9      | Found a transporter.
  3545 | D:9      | Found a transporter.
  3554 | D:9      | Found a transporter.
  3672 | D:9      | Noticed Psyche
  3677 | D:9      | Killed Psyche
  3804 | D:9      | Reached skill level 1 in Armour
  3815 | D:9      | HP: 2/94 [killer bee (6)]
  3818 | D:9      | Reached skill level 1 in Shields
  3818 | D:9      | Reached skill level 1 in Evocations
  3846 | D:9      | Reached ** piety under Vehumet
  3846 | D:9      | Offered knowledge of Static Discharge by Vehumet.
  3930 | Lair:1   | Entered Level 1 of the Lair of Beasts
  3955 | Lair:1   | Noticed an eight-headed hydra
  3965 | Lair:1   | Killed an eight-headed hydra
  3997 | Lair:1   | Reached skill level 5 in Dodging
  4174 | Lair:1   | Slain by a komodo dragon

Illustrated notes

Levels and vault maps discovered:
D:1:      minmay_arrival_widening_spiral_wide, layout_rooms, serial_forest,
          infiniplex_forest_clump_double, infiniplex_forest_end_3,
          infiniplex_forest_straight_1, infiniplex_forest_lined_room_2,
          infiniplex_forest_lined_room_, infiniplex_forest_clump_medium,
          infiniplex_forest_corner_1, infiniplex_forest_clump_small,
          infiniplex_forest_lined_2
D:2:      layout_loops_corners, ebering_ecumenical_altar_box, basic_altar,
          chequers_serial_rivers_micro_c
D:3:      layout_loops_ring, ebering_ghost_rock_garden
D:4:      layout_rooms, minmay_overflow_temple_hex, serial_shops,
          nicolae_shop_statue_plus, uniq_pikel
D:5:      layout_loops_corners, minitemple
D:6:      layout_loops_ring, minmay_temple_entry_sparse_star
D:7:      layout_basic, kennysheep_another_room, uniq_joseph
D:8:      layout_basic, fedhas_altar_fruit_tree, kennysheep_mini_moat,
          erik_lair_orcish_takeover, serial_shops, nicolae_shop_hallway_plus,
          nicolae_inconvenience_store
D:9:      layout_roguey [special_room_bee], nicolae_transporter_intersection,
          uniq_psyche
Temple:   nicolae_temple_ecumenical_triangle
Lair:1:   layout_long_grid

Skill      XL: |  1  2  3  4  5  6  7  8  9 10 11 |
---------------+----------------------------------+-----
Spellcasting   | 3 4 5 7 9 11 12 | 12.6
Conjurations   | 5 6 7 9 11 12 | 12.0
Dodging        | 3 5 |  5.0
Stealth        | 2 |  2.3
Translocations | 1 2 3 |  3.0
Fighting       | 3 4 6 8 |  8.0
Armour         | 3 |  3.8
Shields        | 3 |  3.7
Evocations     | 3 |  3.7

Action                   |  1- 3 |  4- 6 |  7- 9 | 10-12 || total
-------------------------+-------+-------+-------+-------++-------
Melee: Short sword       |     3 |     3 |       |       ||     6
       Whip              |       |     6 |    22 |    43 ||    71
 Cast: Magic Dart        |    23 |    25 |    26 |    17 ||    91
       Searing Ray       |       |     8 |    36 |    58 ||   102
       Iskenderun's Myst |       |       |     2 |    22 ||    24
Evoke: Wand              |       |       |       |    12 ||    12
  Use: Scroll            |       |       |       |     5 ||     5
       Potion            |       |       |       |     4 ||     4
Armor: Robe              |     1 |       |       |       ||     1
       Leather armour    |       |       |    10 |    49 ||    59
Dodge: Dodged            |     5 |     5 |    41 |   115 ||   166
Block: Buckler           |       |     1 |    16 |    41 ||    58
